 Dungeon Crawl Stone Soup version 0.31-a0-233-g139696dc86 (webtiles) character file.

Game seed: 1770975947838391133

39 Iniera the Cutter (level 3, -1/22 HPs)
             Began as a Tengu Gladiator on July 8, 2023.
             Slain by a quokka (3 damage)
             ... on level 2 of the Dungeon.
             The game lasted 00:00:46 (1096 turns).

Iniera the Cutter (Tengu Gladiator)                 Turns: 1096, Time: 00:00:47

Health: -1/22      AC:  3    Str: 14    XL:     3   Next: 45%
Magic:  4/4        EV: 13    Int:  8    God:
Gold:   53         SH:  0    Dex: 17    Spells: 2/2 levels left

rFire   . . .        a - +0 rapier
rCold   . . .        (no shield)
rNeg    . . .        b - +0 leather armour
rPois   .            c - +0 hat
rElec   .            (no cloak)
rCorr   .            (no gloves)
SInv    .            (boots unavailable)
Will    .....        (no amulet)
Stlth   ++           (no ring)
HPRegen 0.23/turn    (no ring)
MPRegen 0.09/turn

%: no passive effects
@: lethally poisoned (-1 -> -8)
A: beak, talons 3
a: no special abilities


You were on level 2 of the Dungeon.
You visited 1 branch of the dungeon, and saw 2 of its levels.

You collected 53 gold pieces.

Inventory:

Hand Weapons
 a - a +0 rapier (weapon)
Missiles
 d - 3 throwing nets (quivered)
 e - a javelin
Armour
 b - a +0 leather armour (worn)
 c - a +0 hat (worn)
Scrolls
 f - a scroll of blinking {unknown}
 g - a scroll of vulnerability {unknown}
 h - a scroll of identify {unknown}


   Skills:
 + Level 2.4 Fighting
 * Level 4.0 Short Blades
 - Level 2.0 Throwing
 + Level 3.6 Dodging
 + Level 1.2 Stealth


You had 2 spell levels left.
You didn't know any spells.
Your spell library was empty.

Dungeon Overview and Level Annotations

Branches:
Dungeon (2/15)

Altars:

Annotations:
D:2 Robin


Innate Abilities, Weirdness & Mutations

You have a beak for a mouth.
You have claws for feet.


Message History

The rat misses you.
You closely miss the goblin. Your kick misses the goblin. You peck the goblin.
The goblin is moderately wounded.
The goblin hits you with a +0 dagger. The rat bites you.
You hit the goblin.
You kill the goblin!
The quokka misses you. The rat barely misses you.
Your Short Blades skill increases to level 4!
You barely miss the goblin. Your peck misses the goblin.
The quokka bites you but does no damage.
The goblin barely misses you. The goblin completely misses you.
The rat bites you.
You hit the goblin.
You kill the goblin!
The quokka misses you. Robin throws the goblin at you! The quokka bites you.
The goblin misses you. The rat bites you.
You are too injured to fight recklessly!
You are too injured to fight recklessly!
You are too injured to fight recklessly!
You are too injured to fight recklessly!
You are too injured to fight recklessly!
You are too injured to fight recklessly!
The rat attacks as you move away! The rat barely misses you.
The goblin barely misses you. The goblin hits you with a +0 club.
Things that are here:
a +0 dagger; a goblin corpse Robin throws the goblin at you!
The goblin hits you with a +0 club.
The goblin hits you with a +2 dagger of venom.
You are lethally poisoned!
You barely miss the goblin. You claw the goblin.
You kill the goblin!
* * * LOW HITPOINT WARNING * * *
You feel very sick. The quokka bites you.
* * * LOW HITPOINT WARNING * * *
Robin says, "My goblins will feast on your bones."
The goblin hits you but does no damage. The goblin attacks as you move away!
The goblin hits you but does no damage. The quokka attacks as you move away!
The quokka bites you.
You die...

####### ##.#####....
....... ##...........
....... ##..........
.....(. ##........# .......
##........# #####.......
..........# #.rggg......
..........######@gr)g......
(.........#....)ggg......##
.#........#.####.g.......#
.#.............+.........#
.#........#.####.........#
.######..<#... ........###
.# #.##############.# ..
#.. .# ## ####


You could see Robin, a quokka, 2 hobgoblins, 6 goblins and a rat.

Vanquished Creatures
  2 dart slugs (D:1)
  2 bats
  2 endoplasms
  2 giant cockroaches
  5 goblins
  3 hobgoblins
  4 jackals (D:2)
  3 kobolds
  A quokka (D:1)
  3 ball pythons (D:1)
  A rat (D:1)
28 creatures vanquished.

Notes
Turn   | Place    | Note
-------+----------+-------------------------------------------
     0 | D:1      | Iniera the Tengu Gladiator began the quest for the Orb.
     0 | D:1      | Reached XP level 1. HP: 12/12 MP: 2/2
   132 | D:1      | Found a faded altar of an unknown god.
   187 | D:1      | Reached XP level 2. HP: 15/17 MP: 3/3
  1008 | D:2      | Reached skill level 1 in Stealth
  1008 | D:2      | Reached XP level 3. HP: 17/21 MP: 4/4
  1086 | D:2      | Noticed Robin
  1090 | D:2      | Reached skill level 4 in Short Blades
  1096 | D:2      | Slain by a quokka

Illustrated notes

Levels and vault maps discovered:
D:1:      minmay_arrival_jagged, layout_basic, chequers_ecumenical_altar_island
D:2:      layout_basic, kennysheep_jessica_study, uniq_robin,
          uniq_crazy_yiuf_cottage

Skill      XL: |  1  2  3 |
---------------+----------+-----
Stealth        | 1 |  1.2
Short Blades   | 4 |  4.0
Fighting       | |  2.4
Throwing       | |  2.0
Dodging        | |  3.6

Action                     || total
---------------------------++-------
  Melee: Rapier            ||    64
         Kick              ||    16
         Peck              ||    10
   Stab: Sleeping          ||     4
 Armour: Leather armour    ||    16
  Dodge: Dodged            ||    59

Table legend: (Time is in decaauts)
 A = Elapsed time spent in this place.
 B = Non-inter-level travel time spent in this place.
 C = Inter-level travel time spent in this place.
 D = Time resting spent in this place.
 E = Time spent auto-exploring this place.
 F = Levels seen in this place.
 G = Mean time per level.
                   A        B        C        D        E       F      G
               +--------+--------+--------+--------+--------+-----+--------+
         Total |   1103 |   1066 |     37 |     25 |    877 |   2 |  551.5 |
       Dungeon |   1103 |   1066 |     37 |     25 |    877 |   2 |  551.5 |
               +--------+--------+--------+--------+--------+-----+--------+

Top non-repeatable levels by time:
     D:1: 1003 daAuts
     D:2: 99 daAuts
